AoeStats
← wolololigma

Black Forest

504351906Analyzed
4v4 RM · 27d ago on Sep 5, 2026· 23m 38s· 8 players
Game mode
Random Map
Map size
Large (8 player)
Population
200
Speed
Normal
Resources
Standard
Victory
Conquest
Starting age
Dark Age
Ending age
Imperial Age
RankedLock teamsTeams togetherTeam positionsShared explorationLock speedFull tech treeHidden civsTurbo modeCheats
Victory
Defeat
🇺🇸 Persians · United States
1153
+14
🇨🇴 Bohemians · Colombia
1107
+15
🇮🇳 Khmer · India
1064
+17
🇺🇸 Turks · United States
1035
+18
🇦🇷 Hindustanis · Argentina
1163
-19
🇺🇸 Teutons · United States
1135
-18
🇦🇷 Huns · Argentina
1076
-15
🇲🇽 Bohemians · Mexico
997
-12
Irianas
1:23 Loom
12:30 Feudal Age
13:16 Double-Bit Axe
14:14 Town Watch
14:10 Horse Collar
18:58 Castle Age
19:30 Wheelbarrow
21:05 Bow Saw
20:59 Heavy Plow
smasherJOD
0:29 Loom
12:41 Feudal Age
13:32 Double-Bit Axe
17:10 Castle Age
17:07 Wheelbarrow
16:36 Horse Collar
18:21 Bow Saw
Prince of Hell
0:42 Loom
11:42 Feudal Age
16:16 Castle Age
16:48 Double-Bit Axe
20:28 Imperial Age
18:48 Double-Bit Axe
20:32 Bow Saw
20:22 Horse Collar
22:21 Heavy Plow
我有低保我先上
5:54 Loom
10:45 Feudal Age
14:27 Castle Age
12:38 Double-Bit Axe
12:52 Horse Collar
15:54 Bow Saw
20:04 Gold Mining
22:26 Gold Shaft Mining
23:21 Stone Mining
24:39 Wheelbarrow
arsmx
11:47 Feudal Age
15:46 Castle Age
15:01 Horse Collar
15:16 Double-Bit Axe
wolololigma
1:05 Loom
13:11 Feudal Age
13:42 Double-Bit Axe
13:41 Horse Collar
17:14 Wheelbarrow
21:51 Castle Age
carcaage
11:19 Feudal Age
15:32 Castle Age
15:04 Double-Bit Axe
17:48 Horse Collar
20:59 Wheelbarrow
21:07 Stone Mining
21:11 Loom
21:46 Bow Saw
1
1:06 Loom
17:43 Feudal Age
22:02 Castle Age
Connection lost

Rejoining the realm…

Still unreachable

The connection could not be restored.

Session expired

The server has moved on; the page needs a fresh start.